Map: Lost and Found LE

Players

Solar - Winner!

  • Race: Zerg Zerg
  • League: Diamond
  • Spawn Location: 1:00

lIIllllIIlll (INnoVation)

  • Race: Terran Terran
  • League: Master
  • Spawn Location: 7:00

Event: HomeStory Cup XVII

VOD

Have the link to the VOD?

Description

Time

  • Played on: July 1, 2018, 1:10 p.m.
  • Length: 14:48

All games in this series

Show
View Real Time Build Order
Export as new Build Order

Solar Zerg - Winner!

Build Orders: Hatch First 

Get SALT Encoding   

  12  0:01  Drone  
  13  0:12  Overlord  
  13  0:17  Drone  
  14  0:30  Drone  
  14  0:31  Drone  
  17  0:35  Drone  
  17  0:50  Hatchery  
  17  0:53  Drone  
  17  0:57  Drone  
  17  1:03  Extractor  
  17  1:13  Spawning Pool  
  17  1:15  Drone  
  17  1:18  Drone  
  18  1:27  Drone  
  19  1:39  Overlord  
  19  1:51  Drone  
  20  1:59  Queen  
  20  2:00  Zergling x2  
  23  2:03  Zergling x2, Queen  
  23  2:04  Metabolic Boost  
  26  2:11  Drone  
  26  2:14  Drone  
  28  2:31  Hatchery, Drone  
  28  2:33  Drone  
  28  2:37  Drone  
  29  2:46  Queen  
  31  2:53  Overlord  
  31  2:54  Drone  
  31  2:56  Drone  
  31  2:57  Drone  
  34  2:59  Drone  
  34  3:05  Pneumatized Carapace  
  35  3:12  Drone x3  
  38  3:13  Drone  
  38  3:15  Drone  
  40  3:21  Overlord  
  40  3:22  Drone  
  41  3:30  Drone  
  41  3:33  Drone  
  43  3:40  Zergling x2  
  44  3:42  Drone x2  
  44  3:45  Queen  
  44  3:46  Overlord, Drone  
  49  3:50  Zergling x2  
  49  3:55  Zergling x12  
  56  3:56  Spine Crawler  
  56  4:00  Queen  
  57  4:03  Overlord  
  57  4:09  Baneling Nest  
  56  4:11  Queen  
  56  4:13  Zergling x4  
  56  4:15  Zergling x2  
  61  4:17  Zergling x2  
  61  4:20  Zergling x4  
  61  4:21  Zergling x2  
  61  4:23  Zergling x2  
  66  4:27  Zergling x6  
  68  4:36  Zergling x4  
  60  4:39  Queen  
  60  4:42  Zergling x2  
  57  4:47  Drone  
  57  4:48  Drone  
  57  4:51  Drone  
  57  4:52  Lair  
  58  4:53  Extractor  
  58  4:55  Extractor  
  58  4:59  Drone x3  
  59  5:04  Spore Crawler  
  58  5:08  Drone  
  58  5:09  Drone  
  58  5:10  Drone  
  61  5:17  Evolution Chamber x2  
  61  5:20  Drone x3  
  62  5:21  Drone  
  62  5:22  Drone  
  63  5:30  Drone x2  
  63  5:31  Drone  
  63  5:33  Drone x5  
  63  5:35  Overlord  
  69  5:38  Overlord  
  69  5:41  Drone  
  70  5:44  Zerg Ground Armor Level 1  
  70  5:45  Drone, Zerg Melee Weapons Level 1  
  70  5:48  Drone  
  72  5:51  Drone x2  
  74  5:57  Overlord  
  74  5:58  Centrifical Hooks  
  74  5:59  Drone x4  
  74  6:01  Drone  
  74  6:02  Drone  
  74  6:03  Drone  
  81  6:04  Drone  
  81  6:07  Overlord  
  81  6:11  Extractor, Drone  
  82  6:12  Overlord, Extractor  
  81  6:22  Hydralisk Den  
  81  6:23  Hatchery, Drone  
  81  6:25  Drone x2  
  81  6:32  Zergling x12  
  87  6:33  Zergling x4  
  87  6:35  Zergling x2  
  87  6:38  Zergling x6  
  93  6:40  Baneling x4  
  93  6:41  Baneling x2  
  93  6:43  Baneling x3  
  93  6:45  Overlord  
  93  6:47  Overseer  
  93  6:48  Zergling x4  
  93  6:53  Zergling x2  
  93  6:54  Grooved Spines  
  96  6:56  Drone x3  
  96  6:57  Drone  
  96  6:58  Zergling x2  
  100  7:01  Spore Crawler  
  100  7:02  Overlord, Drone  
  100  7:03  Zergling x2  
  100  7:05  Baneling x3  
  100  7:06  Baneling  
  100  7:07  Baneling x2, Zergling x2  
  102  7:10  Zergling x4  
  102  7:14  Zergling x4  
  106  7:18  Zergling x6  
  109  7:24  Drone  
  109  7:28  Drone x2  
  103  7:30  Drone  
  103  7:31  Drone x2  
  103  7:32  Zergling x8  
  103  7:34  Queen  
  110  7:37  Drone  
  109  7:44  Hydralisk x5  
  109  7:45  Hydralisk  
  109  7:49  Queen  
  123  7:51  Drone  
  123  7:53  Baneling x5  
  123  7:55  Drone x2  
  123  7:57  Overlord  
  126  8:00  Overlord  
  126  8:03  Drone  
  126  8:04  Drone  
  128  8:06  Overlord  
  128  8:10  Overlord  
  128  8:17  Extractor, Zerg Ground Armor Level 2, Infestation Pit  
  128  8:19  Zerg Melee Weapons Level 2  
  127  8:20  Drone  
  127  8:21  Drone  
  127  8:22  Hatchery  
  127  8:24  Zergling x4  
  127  8:25  Zergling x6  
  131  8:29  Hydralisk x3  
  137  8:34  Overlord  
  137  8:39  Spire  
  137  8:40  Drone x4  
  140  8:41  Extractor  
  140  8:44  Hydralisk x2  
  143  8:52  Muscular Augments  
  139  8:57  Zergling x24  
  139  9:01  Hydralisk x2  
  155  9:06  Hive  
  155  9:08  Overlord x3  
  155  9:10  Zergling x2  
  155  9:11  Zergling x2  
  157  9:18  Zergling x18  
  157  9:21  Zergling x4  
  165  9:29  Zergling x8  
  169  9:33  Drone x2  
  169  9:34  Baneling  
  169  9:35  Baneling x6  
  171  9:38  Drone  
  171  9:39  Extractor  
  171  9:43  Zergling x10  
  176  9:47  Zergling x14  
  183  9:54  Zergling x8  
  183  9:58  Zergling x8  
  191  10:05  Zergling x2  
  192  10:07  Overlord  
  192  10:09  Overlord  
  192  10:10  Overlord  
  190  10:19  Viper x2  
  190  10:20  Adrenal Glands  
  190  10:21  Greater Spire  
  196  10:22  Zergling x4  
  196  10:25  Baneling x14  
  196  10:26  Zergling x8  
  199  10:37  Zergling x4  
  199  10:40  Baneling x22  
  197  10:44  Zergling x4  
  199  10:59  Zergling x12  
  171  11:05  Zergling x16  
  171  11:06  Zergling x4  
  171  11:07  Zergling x8  
  173  11:23  Corruptor  
  173  11:24  Corruptor x6  
  187  11:31  Baneling x19  
  187  11:33  Drone  
  187  11:36  Spore Crawler  
  187  11:41  Zergling x18  
  163  11:54  Zergling x18  
  163  11:56  Zergling x2  
  163  11:58  Zergling x18  
  165  12:03  Hatchery  
  165  12:06  Brood Lord x4  
  170  12:10  Brood Lord  
  170  12:15  Brood Lord  
  169  12:19  Brood Lord  
  169  12:20  Zergling x12  
  169  12:21  Zergling x2  
  169  12:22  Baneling x2  
  171  12:25  Baneling x3  
  171  12:27  Zergling x2  
  171  12:28  Zergling x10  
  177  12:30  Baneling x3  
  177  12:31  Overseer  
  177  12:37  Baneling x5  
  177  12:38  Zergling x12  
  177  12:41  Baneling  
  177  12:42  Baneling x3, Zergling x4  
  177  12:43  Zergling x2  
  186  12:47  Baneling x2  
  186  12:48  Baneling x3  
  186  12:50  Baneling  
  186  12:51  Baneling x2  
  185  12:52  Baneling  
  185  12:55  Baneling x2  
  185  12:57  Baneling x2, Zergling x18  
  185  12:58  Zergling x2  
  192  13:01  Baneling x2  
  192  13:02  Baneling x3  
  192  13:07  Baneling  
  192  13:08  Baneling x4  
  192  13:09  Zergling x2  
  181  13:15  Hydralisk  
  181  13:16  Zergling x2, Hydralisk x2  
  181  13:17  Zergling x8  
  172  13:20  Zergling x14  
  172  13:22  Zergling x4  
  172  13:25  Zergling x6  
  172  13:26  Zergling x2  
  179  13:29  Baneling x7  
  179  13:31  Zergling x4  
  179  13:32  Zergling x2  
  179  13:36  Zergling x10  
  178  13:41  Zergling x2  
  178  13:42  Zergling x8  
  178  13:45  Hydralisk x2  
  160  13:56  Hydralisk x4  
  160  13:59  Baneling  
  160  14:00  Baneling x6  
  160  14:01  Baneling x4  
  159  14:04  Zergling x6  
  159  14:06  Zergling x4  
  159  14:08  Zergling x2  
  159  14:11  Zergling x4  
  159  14:12  Zergling x2  
  159  14:13  Zergling x2  
  159  14:15  Zergling x2  
  162  14:17  Zergling x2  
  162  14:22  Zergling x6  
  162  14:26  Zergling x2  
  162  14:27  Zergling x4  
  159  14:31  Zergling x6  
Show
View Real Time Build Order
Export as new Build Order

lIIllllIIlll Terran 

Build Orders: Liberator Opening, Reaper Expand, Bio Tank 

Get SALT Encoding   

  12  0:00  SCV  
  13  0:12  SCV  
  14  0:16  Supply Depot  
  14  0:25  SCV  
  15  0:38  SCV  
  15  0:39  Barracks  
  15  0:42  Refinery  
  16  0:50  SCV  
  17  1:02  SCV  
  18  1:14  SCV  
  19  1:26  Orbital Command, Reaper  
  20  1:38  Command Center  
  20  1:50  Supply Depot  
  20  1:52  SCV  
  21  1:57  Marine  
  22  2:04  SCV  
  22  2:05  Factory  
  23  2:09  Refinery  
  23  2:16  SCV  
  23  2:18  Barracks Reactor  
  24  2:28  SCV  
  25  2:40  SCV  
  26  2:49  Starport  
  26  2:50  Orbital Command  
  26  2:52  SCV  
  27  2:59  Hellion x2  
  27  3:02  Marine  
  27  3:04  SCV  
  33  3:11  Supply Depot  
  33  3:16  SCV  
  33  3:18  SCV  
  35  3:20  Marine, Hellion x2  
  35  3:25  Medivac  
  42  3:30  Armory  
  42  3:38  Marine  
  43  3:42  Hellion x2  
  43  3:43  Supply Depot  
  43  3:44  Liberator  
  43  3:47  SCV  
  43  3:48  SCV  
  49  3:57  Barracks Tech Lab  
  52  4:03  Hellion  
  52  4:05  Hellion  
  52  4:08  Supply Depot  
  52  4:09  SCV  
  57  4:10  SCV  
  58  4:25  Hellion  
  58  4:26  SCV x2  
  60  4:38  SCV  
  60  4:39  SCV  
  60  4:41  Stimpack, Marine  
  50  4:52  SCV x2  
  45  4:58  Command Center  
  45  4:59  Barracks  
  45  5:01  Starport Reactor, Barracks  
  45  5:02  Marine, Factory Tech Lab  
  45  5:04  SCV x2  
  48  5:12  Engineering Bay  
  48  5:13  Engineering Bay  
  48  5:16  SCV  
  48  5:17  SCV  
  48  5:20  Marine  
  51  5:23  Refinery  
  51  5:25  Refinery  
  51  5:29  SCV x2  
  53  5:37  Marine  
  53  5:40  Terran Infantry Weapons Level 1, Terran Infantry Armor Level 1  
  53  5:41  SCV x2  
  56  5:42  Starport Reactor  
  56  5:45  Siege Tank  
  56  5:49  Marine x2  
  61  5:53  SCV x2  
  61  5:55  Marine x2  
  61  5:56  Marine, Barracks  
  66  5:58  Barracks  
  66  6:06  SCV x2  
  66  6:08  Supply Depot  
  66  6:09  Marine x2  
  66  6:11  Orbital Command  
  70  6:15  Marine x3  
  70  6:17  Siege Tank  
  76  6:20  Medivac  
  76  6:21  Medivac  
  76  6:24  SCV x2  
  82  6:30  Supply Depot  
  82  6:31  Orbital Command  
  82  6:34  Marine x4  
  82  6:35  Marine  
  82  6:39  SCV x2  
  89  6:42  Supply Depot  
  89  6:46  Barracks Reactor x2  
  89  6:50  Siege Tank  
  89  6:51  Supply Depot, SCV  
  89  6:52  SCV  
  94  6:55  Marine x4  
  94  6:56  Marine  
  94  6:59  Supply Depot  
  99  7:02  SCV  
  99  7:03  SCV  
  99  7:04  SCV  
  99  7:08  Supply Depot  
  102  7:12  Supply Depot  
  102  7:13  Combat Shield, Marine x4  
  102  7:14  Marine  
  110  7:22  Siege Tank  
  94  7:32  SCV x3  
  94  7:33  Marine x6  
  94  7:34  Marine x3  
  94  7:35  Terran Infantry Weapons Level 2  
  105  7:37  Terran Infantry Armor Level 2  
  102  7:45  SCV x3  
  102  7:46  Refinery x2  
  105  7:53  Terran Vehicle And Ship Armor Level 1  
  105  7:54  Factory  
  105  7:57  SCV x3  
  105  8:07  Command Center  
  105  8:09  SCV x3  
  105  8:10  Siege Tank  
  111  8:18  Barracks x2, Medivac  
  111  8:19  Barracks  
  113  8:20  Medivac  
  113  8:26  Marauder, Marine x4  
  113  8:27  Marine x2  
  120  8:30  Marine x2  
  125  8:35  Concussive Shells  
  125  8:38  Factory Tech Lab  
  125  8:44  Marine x5  
  125  8:45  Siege Tank  
  125  8:48  Marauder  
  135  8:53  Medivac x2  
  135  8:54  Marine x3  
  141  9:04  Supply Depot  
  141  9:05  Supply Depot  
  141  9:07  Supply Depot, Barracks Reactor, Barracks Tech Lab x2  
  141  9:08  Supply Depot  
  141  9:19  Marauder, Siege Tank x2, Marine x3  
  141  9:23  Medivac x2  
  155  9:32  SCV x3  
  155  9:33  Marauder x2, Sensor Tower  
  155  9:35  Marine  
  155  9:36  Marine x3  
  155  9:37  Marine  
  167  9:39  Planetary Fortress  
  167  9:41  Marauder  
  169  9:47  Marine x5  
  174  9:53  Marine x4  
  174  9:54  Marine x3  
  174  9:57  Terran Infantry Weapons Level 3  
  181  10:02  Marine  
  181  10:04  Marine  
  181  10:05  Marine x4  
  184  10:07  Supply Depot  
  184  10:08  Terran Infantry Armor Level 3, Supply Depot  
  184  10:11  Marine  
  184  10:13  Marine x4  
  188  10:16  Marine  
  188  10:29  Marauder, Siege Tank, Marine x6  
  199  10:40  Command Center  
  189  10:45  Marauder, Siege Tank, Marine  
  189  10:46  Marine x5  
  200  11:01  Siege Tank  
  159  11:05  Marauder  
  159  11:06  Marauder  
  159  11:07  Marauder, Marine  
  159  11:08  Marine x6  
  137  11:11  Medivac x2  
  137  11:12  Marine x3  
  144  11:23  Siege Tank  
  143  11:25  Marine x2  
  143  11:26  Marine x3  
  143  11:27  Marauder x2  
  143  11:28  Marauder  
  154  11:33  Siege Tank  
  154  11:34  Marine x5  
  154  11:38  Terran Vehicle And Ship Armor Level 2  
  162  11:41  Medivac x2  
  162  11:46  Refinery x2, SCV x3  
  169  11:48  Marauder x2  
  169  11:52  Marine  
  169  11:53  Marine x2  
  165  11:59  Siege Tank  
  165  12:00  Marine x2  
  152  12:01  Marine  
  152  12:05  Siege Tank  
  156  12:09  Marine x2  
  156  12:10  Marine x2  
  156  12:11  Marine, Medivac x2  
  144  12:18  Marine x2  
  144  12:19  Marine  
  144  12:27  Marauder, Marine, Command Center  
  144  12:28  Marine x3  
  150  12:36  Marine x2  
  150  12:37  Siege Tank x2  
  155  12:38  Marine x3  
  161  12:44  SCV x2  
  161  12:45  Marauder, SCV  
  161  12:49  Marauder  
  161  12:50  Sensor Tower  
  168  12:51  Medivac x2  
  168  12:52  Marauder, Marine  
  168  12:53  Marine  
  168  12:56  Marine x4  
  176  13:07  Marauder, Marine x4  
  176  13:10  Marauder, Marine x2  
  174  13:13  Marine x2  
  174  13:14  Marine x3  
  156  13:25  Marine x4  
  145  13:27  Marine  
  145  13:28  Marine x2  
  145  13:31  Marine x4  
  145  13:32  Marine x2  
  143  13:42  Marine  
  143  13:43  Marine x3  
  143  13:45  Marine  
  143  13:46  Marine x2  
  146  13:48  Marine  
  146  13:49  Marine x2  
  146  13:50  Marine x3  
  132  14:00  Marine x4  
  121  14:03  Marine  
  121  14:04  Marine x2  
  121  14:06  Marine  
  121  14:07  Marine x2  
  121  14:08  Marine x3  
  114  14:18  Marine x4  
  114  14:21  Marine x2  
  114  14:22  Marine  
  118  14:24  Unknown x2, Marine x2  
  118  14:30  Marine  
Tags
 
Add a new tag
Caveats
  • Supply blocks, unpowered buildings, or Contaminate may cause inaccurate times.
  • Supply counts are checked every 10 seconds.